Map: Lightshade LE

Players

Bunny

  • Race: Terran Terran
  • Spawn Location: 11:00

TIME (Oliveira) - Winner!

  • Race: Terran Terran
  • Spawn Location: 5:00

Event: IEM Katowice 2021

VOD

Have the link to the VOD?

Description

Time

  • Played on: Feb. 23, 2021, 9:44 a.m.
  • Length: 8:21

All games in this series

Show
View Real Time Build Order
Export as new Build Order

Bunny Terran 

Build Orders:  

Get SALT Encoding   

  12  0:00  SCV  
  13  0:12  SCV  
  14  0:17  Supply Depot  
  14  0:24  SCV  
  15  0:38  SCV  
  15  0:40  Barracks  
  16  0:43  Refinery  
  16  0:50  SCV  
  16  0:52  Refinery  
  17  1:03  SCV  
  18  1:15  SCV  
  19  1:27  Reaper, Orbital Command  
  19  1:28  Supply Depot  
  20  1:42  Factory  
  20  1:53  SCV  
  21  1:59  Reaper  
  22  2:05  SCV  
  23  2:17  SCV  
  23  2:21  Command Center  
  24  2:26  Hellion  
  26  2:31  Reaper, SCV  
  26  2:36  Supply Depot  
  28  2:43  SCV  
  29  2:47  Hellion  
  31  2:58  SCV, Starport  
  32  3:03  Barracks Reactor  
  32  3:08  Factory Tech Lab  
  32  3:10  SCV  
  33  3:22  SCV  
  32  3:27  Cyclone  
  35  3:34  SCV  
  35  3:35  Starport Tech Lab  
  35  3:36  Orbital Command  
  35  3:39  Marine x2  
  38  3:46  SCV  
  38  3:47  Refinery  
  38  3:55  Raven  
  40  3:57  Marine x2  
  40  3:58  SCV  
  40  3:59  Supply Depot  
  40  4:02  SCV  
  44  4:11  SCV  
  44  4:14  SCV  
  44  4:15  Marine x2  
  44  4:16  Siege Tank  
  51  4:22  Supply Depot  
  51  4:23  SCV  
  52  4:26  SCV  
  53  4:33  Marine x2  
  53  4:39  SCV  
  53  4:40  Raven, SCV  
  53  4:43  Command Center  
  57  4:46  Refinery  
  57  4:49  Supply Depot  
  57  4:51  SCV  
  57  4:52  SCV  
  59  4:56  Siege Tank  
  59  4:59  Marine x2  
  64  5:04  SCV x2  
  66  5:10  Supply Depot  
  66  5:16  SCV x2  
  66  5:19  Supply Depot  
  68  5:28  SCV x2, Siege Tank  
  72  5:32  Viking x2  
  72  5:33  Marine  
  78  5:37  Stimpack  
  78  5:42  SCV x2  
  79  5:46  Supply Depot  
  79  5:51  Marine  
  79  5:55  Orbital Command  
  80  6:00  Siege Tank  
  80  6:02  Viking x2  
  87  6:05  SCV x2  
  87  6:09  Supply Depot, Marine  
  90  6:23  Orbital Command  
  90  6:25  SCV x2  
  92  6:27  Barracks x2  
  92  6:32  Siege Tank  
  95  6:33  Viking x2  
  95  6:34  Marine  
  100  6:43  SCV x2  
  102  6:53  Engineering Bay x2  
  101  6:57  Marine  
  94  7:03  Viking x2  
  94  7:04  Siege Tank  
  92  7:08  SCV x2  
  92  7:09  SCV  
  85  7:17  Marine  
  85  7:18  Marine  
  85  7:22  Marine  
  88  7:26  SCV  
  88  7:27  SCV x2  
  91  7:35  Marine, Viking  
  94  7:43  Marine x2  
  96  7:49  SCV x3  
  99  7:53  Marine  
  99  7:54  Supply Depot  
  103  8:01  SCV x3, Marine x2  
Show
View Real Time Build Order
Export as new Build Order

TIME Terran - Winner!

Build Orders:  

Get SALT Encoding   

  12  0:00  SCV  
  13  0:12  SCV  
  14  0:17  Supply Depot  
  14  0:24  SCV  
  15  0:38  SCV  
  15  0:41  Barracks  
  16  0:44  Refinery  
  16  0:51  SCV  
  16  0:53  Refinery  
  17  1:03  SCV  
  18  1:15  SCV  
  19  1:28  Reaper, Orbital Command  
  19  1:32  Supply Depot  
  20  1:42  Factory  
  20  1:55  SCV  
  21  2:01  Reaper  
  21  2:07  SCV  
  23  2:15  Command Center  
  23  2:19  SCV  
  24  2:25  Widow Mine  
  26  2:31  SCV  
  26  2:36  Barracks Reactor  
  27  2:39  Supply Depot  
  27  2:43  SCV  
  28  2:47  Factory Tech Lab  
  28  2:55  SCV  
  29  3:06  Cyclone  
  29  3:09  SCV  
  29  3:10  Starport  
  29  3:12  Marine x2  
  33  3:16  Refinery  
  35  3:21  SCV  
  36  3:30  Marine x2  
  36  3:33  SCV  
  37  3:46  Factory Tech Lab  
  37  3:48  SCV, Barracks  
  37  3:49  Orbital Command  
  37  3:51  Marine x2  
  37  3:53  Raven  
  42  4:00  SCV  
  43  4:10  Siege Tank  
  43  4:11  Marine x2  
  43  4:13  SCV  
  43  4:15  SCV  
  43  4:16  Supply Depot  
  50  4:25  SCV  
  50  4:28  SCV  
  50  4:31  Marine x2  
  52  4:38  SCV  
  53  4:41  SCV  
  53  4:42  Starport Reactor  
  53  4:43  Stimpack  
  54  4:48  Command Center  
  54  4:51  SCV  
  55  4:54  Siege Tank  
  55  4:56  SCV  
  55  4:59  Supply Depot  
  59  5:00  Marine  
  59  5:03  Marine  
  59  5:06  SCV  
  62  5:11  Supply Depot  
  62  5:20  Medivac x2, SCV x2, Marine  
  62  5:21  Marine  
  70  5:24  Supply Depot  
  70  5:32  Marine  
  70  5:33  SCV, Siege Tank  
  70  5:35  SCV  
  76  5:38  Marine x2  
  78  5:46  SCV  
  78  5:47  Engineering Bay  
  78  5:48  Supply Depot, Engineering Bay  
  79  5:50  Marine  
  80  5:57  SCV  
  80  5:59  SCV  
  80  6:01  Barracks  
  80  6:02  Orbital Command  
  82  6:06  Refinery  
  82  6:10  Siege Tank  
  82  6:11  Starport Reactor, Supply Depot  
  85  6:13  SCV  
  85  6:17  Terran Infantry Weapons Level 1  
  86  6:20  SCV, Terran Infantry Armor Level 1  
  86  6:23  Marine x2  
  89  6:31  Marine  
  89  6:32  SCV  
  91  6:36  Supply Depot  
  91  6:41  Marine  
  91  6:42  Marine  
  93  6:49  Marine  
  93  6:50  Combat Shield  
  93  6:51  Marine  
  94  6:57  Marine  
  94  6:59  Marine  
  96  7:02  Marine  
  96  7:04  Siege Tank  
  100  7:10  Marine  
  100  7:11  SCV  
  100  7:15  Marine  
  88  7:16  Medivac x2  
  88  7:19  SCV, Orbital Command  
  89  7:23  SCV  
  89  7:24  Armory  
  89  7:25  Marine x2  
  89  7:29  Barracks x2  
  92  7:30  Marine x2  
  92  7:31  SCV  
  92  7:33  Marine  
  92  7:35  SCV  
  97  7:43  Marine x2  
  96  7:45  Siege Tank  
  96  7:47  SCV x2  
  96  7:48  SCV, Marine x2  
  104  7:54  Marine  
  109  8:01  Marine x2  
  85  8:18  Barracks Reactor x2  

Tags
 
Add a new tag
Caveats
  • Supply blocks, unpowered buildings, or Contaminate may cause inaccurate times.
  • Supply counts are checked every 10 seconds.